 Dungeon Crawl Stone Soup version 0.27-a0-1280-g9d2d252d84 (webtiles) character file.

Game seed: 13112852669269746036

4935 Johnny the Thaumaturge (level 10, -3/66 HPs)
             Began as a Deep Elf Earth Elementalist on June 13, 2021.
             Slain by Erica (11 damage)
             ... on level 9 of the Dungeon.
             The game lasted 00:09:06 (11418 turns).

Johnny the Thaumaturge (DEEE)                      Turns: 11418, Time: 00:09:07

Health: -3/66      AC:  4    Str:  5    XL:     10   Next: 27%
Magic:  23/35      EV: 16    Int: 24    God:
Gold:   217        SH:  0    Dex: 15    Spells: 14/29 levels left

rFire    . . .     SeeInvis .   G - +4 trident (venom)
rCold    . . .     Faith    .   (no shield)
rNeg     . . .     Spirit   .   c - +0 robe
rPois    .         Reflect  .   (no helmet)
rElec    .         Harm     .   (no cloak)
rCorr    .         Rampage  .   D - +0 pair of gloves
Will     +....                  I - +0 pair of boots
Stlth    ++........             (no amulet)
HPRegen  0.21/turn              A - +4 ring of evasion
MPRegen  0.24/turn              E - ring of magical power

@: lethally poisoned (-3 -> -10), slowed, very slow
A: no striking features
a: no special abilities


You were on level 9 of the Dungeon.
You visited 2 branches of the dungeon, and saw 10 of its levels.
You also visited: Sewer.

You collected 399 gold pieces.
You spent 182 gold pieces at shops.

Inventory:

Hand Weapons
 G - a +4 trident of venom (weapon)
Missiles
 n - a throwing net
 v - 109 stones
Armour
 c - a +0 robe (worn)
 D - a +0 pair of gloves (worn)
 I - a +0 pair of boots (worn)
Magical Staves
 y - a staff of conjuration
Jewellery
 b - a ring of positive energy
 A - a +4 ring of evasion (left hand)
 E - a ring of magical power (right hand)
Wands
 o - a wand of iceblast (4)
 q - a wand of charming (8)
 r - a wand of acid (9)
 x - a wand of paralysis (8)
Scrolls
 a - 4 scrolls of identify {unknown}
 e - 2 scrolls of vulnerability {unknown}
 f - 2 scrolls of fear {unknown}
 g - 3 scrolls of silence {unknown}
 h - 8 scrolls of teleportation {unknown}
 i - 3 scrolls of noise {unknown}
 j - a scroll of amnesia {unknown}
 k - a scroll of fog {unknown}
 l - a scroll of holy word {unknown}
 s - 2 scrolls of magic mapping {unknown}
 w - a scroll of enchant armour {unknown}
 B - 2 scrolls of brand weapon {unknown}
 C - a scroll of immolation {unknown}
Potions
 d - a potion of lignification {unknown}
 p - 2 potions of degeneration {unknown}
 t - a potion of attraction {unknown}
 u - a potion of brilliance {unknown}
 z - a potion of flight {unknown}
 F - a potion of ambrosia
 H - a potion of curing {unknown}


   Skills:
 * Level 9.1 Fighting
 - Level 2.4 Dodging
 - Level 2.4 Stealth
 + Level 10.3 Spellcasting
 - Level 1.1 Transmutations
 + Level 9.0 Earth Magic


You had 14 spell levels left.
You knew the following spells:

 Your Spells              Type           Power      Damage    Failure   Level
a - Sandblast             Erth           100%       2d20      1%          1
b - Stone Arrow           Conj/Erth      68%        3d11      2%          3
c - Lee's Rapid Deconstr  Erth           26%        3d15*     3%          5
d - Petrify               Tmut/Erth      36%        N/A       6%          4
e - Blink                 Tloc           N/A        N/A       8%          2

Your spell library contained the following spells:

 Spells                   Type           Power      Damage    Failure   Level
 Passwall                 Tmut/Erth      30%        N/A       1%          2
 Animate Skeleton         Necr           24%        N/A       5%          1
 Freeze                   Ice            48%        1d7       5%          1
 Magic Dart               Conj           48%        1d5       5%          1
 Pain                     Necr           48%        1d6       5%          1
 Call Imp                 Summ           12%        N/A       8%          2
 Slow                     Hex            12%        N/A       8%          2
 Confusing Touch          Hex            12%        N/A       16%         3
 Conjure Flame            Conj/Fire      12%        6-21      16%         3
 Frozen Ramparts          Ice            24%        1d4       16%         3
 Gell's Gravitas          Tloc           6%         N/A       16%         3
 Mephitic Cloud           Conj/Pois/Air  12%        N/A       16%         3
 Ozocubu's Armour         Ice            12%        N/A       16%         3
 Vampiric Draining        Necr           6%         2d6       16%         3
 Animate Dead             Necr           6%         N/A       45%         4
 Hailstorm                Conj/Ice       12%        3d5       45%         4
 Yara's Violent Unravell  Hex/Tmut       7%         3d5       75%         5
 Agony                    Necr           12%        N/A       82%         5
 Metabolic Englaciation   Hex/Ice        6%         N/A       82%         5


Dungeon Overview and Level Annotations

Branches:
Dungeon (9/15)             Temple (1/1) D:7           Sewer (visited)
   Lair: D:8-11         Orc: D:9-12

Altars:
Ashenzari
Cheibriados
Elyvilon
Fedhas
Hepliaklqana
Kikubaaqudgha
Makhleb
Nemelex Xobeh
Qazlal
Ru
Sif Muna
Trog
Uskayaw
Vehumet
Wu Jian
Xom
Yredelemnul
Zin
The Shining One

Shops:
D:6 !

Annotations:
D:9 Erica


Message History

Aiming: Lee's Rapid Deconstruction (dangerous; 3% risk of failure)
Press: ? - help, Dir - move target, p - Erica A rock wall.
The wall shatters!
The blast of rock fragments hits Erica!!
Erica is heavily wounded.
You feel sick.
Erica points at you and mumbles some strange words.
The bolt of poison hits you!!
You are more poisoned.
Casting: Lee's Rapid Deconstruction (dangerous; 3% risk of failure)
Confirm with . or Enter, or press ? or * to list all spells.
Aiming: Lee's Rapid Deconstruction (dangerous; 3% risk of failure)
Press: ? - help, Dir - move target, f - you You cannot affect that.
Okay, then.
Aiming: Corrosive Bolt
Press: ? - help, Shift-Dir - straight line, f - Erica
Aim: Erica, wielding a +4 scimitar of flaming and wearing a +0 robe (heavily wounded, 68% to hit)
The bolt of acid hits Erica.
Erica is splashed with acid.
The acid corrodes Erica!
Erica is severely wounded.
You feel extremely sick.
Aiming: Corrosive Bolt
Press: ? - help, Shift-Dir - straight line, f/p - Erica
Aim: Erica, wielding a +4 scimitar of flaming and wearing a +0 robe (severely wounded, covered in acid, 68% to hit)
The bolt of acid misses Erica.
You feel very sick.
Erica hits you with a +4 scimitar of flaming!
* * * LOW HITPOINT WARNING * * *
Erica burns you.
* * * LOW HITPOINT WARNING * * *
Aiming: Corrosive Bolt
Press: ? - help, Shift-Dir - straight line, f/p - Erica
Aim: Erica, wielding a +4 scimitar of flaming and wearing a +0 robe (severely wounded, covered in acid, 68% to hit)
The bolt of acid misses Erica.
* * * LOW HITPOINT WARNING * * *
You feel very sick.
Erica hits you with a +4 scimitar of flaming!
You die...

##..
..#####..#
#........#
.#####.###
##.....#
####......##
#.##.......#
##.....@...#
##....@...#
#.<......#
#........#
#.........#
#........#..
...........
..
####........#
. #.......##
##.....##


You could see Erica (corroded).

Vanquished Creatures
  A boulder beetle (D:8)
  A two-headed ogre (D:8)
  Joseph (D:7)
  A steam dragon (D:6)
  2 water moccasins (D:7)
  An orc warrior (D:6)
  Purgy (Sewer)
  A hornet zombie (D:5)
  4 ice beasts
  A black bear (D:7)
  A necrophage (D:5)
  3 sky beasts
  3 ogres
  2 centaurs
  A kobold brigand (D:8)
  A bullfrog (D:4)
  7 scorpions
  A gnoll sergeant (D:7)
  A water moccasin skeleton (D:4)
  3 killer bees (D:8)
  2 jellies (D:5)
  A gnoll shaman (D:4)
  3 hounds
  2 centaur skeletons
  Ijyb (D:5)
  An orc wizard (D:4)
  A killer bee zombie (D:8)
  11 gnolls
  8 adders
  3 river rats (D:3)
  4 white imps
  An adder zombie (D:5)
  2 worms
  2 dart slugs
  27 orcs
  10 ball pythons
  5 endoplasms
  5 giant cockroaches
  9 goblins
  7 hobgoblins
  6 jackals (D:2)
  2 quokkas
  8 bats
  5 frilled lizards
  15 kobolds
  6 rats
184 creatures vanquished.

Vanquished Creatures (collateral kills)
  2 gnolls (D:5)
2 creatures vanquished.

Vanquished Creatures (others)
  A gnoll shaman (D:5)
1 creature vanquished.

Grand Total: 187 creatures vanquished

Notes
Turn   | Place    | Note
-------+----------+-------------------------------------------
     0 | D:1      | Johnny the Deep Elf Earth Elementalist began the quest for
                  | the Orb.
     0 | D:1      | Reached XP level 1. HP: 10/10 MP: 6/6
   188 | D:1      | Reached XP level 2. HP: 16/16 MP: 6/8
   299 | D:1      | Reached skill level 1 in Fighting
   517 | D:1      | Found a hazy altar of Hepliaklqana.
  1066 | D:2      | Reached XP level 3. HP: 11/20 MP: 1/10
  1438 | D:2      | Found a faded altar of an unknown god.
  1790 | D:2      | Noticed a scorpion
  1796 | D:2      | Killed a scorpion
  1797 | D:2      | Reached skill level 4 in Spellcasting
  1797 | D:2      | Reached XP level 4. HP: 27/27 MP: 7/12
  2259 | D:3      | Reached XP level 5. HP: 31/31 MP: 13/13
  2304 | D:3      | Found a snail-covered altar of Cheibriados.
  2333 | D:3      | Found a glowing golden altar of the Shining One.
  2556 | D:3      | Found a glowing drain.
  2573 | Sewer    | Entered a sewer
  2707 | Sewer    | Noticed Purgy
  2712 | Sewer    | Killed Purgy
  2713 | Sewer    | Reached XP level 6. HP: 23/37 MP: 9/15
  3097 | D:3      | Reached skill level 5 in Spellcasting
  3110 | D:3      | Learned a level 3 spell: Stone Arrow
  3673 | D:4      | Reached skill level 5 in Earth Magic
  4064 | D:4      | Reached XP level 7. HP: 43/43 MP: 10/17
  4666 | D:4      | Reached skill level 6 in Spellcasting
  4911 | D:4      | Found a white marble altar of Elyvilon.
  5143 | D:4      | Reached skill level 5 in Fighting
  5458 | D:5      | Entered Level 5 of the Dungeon
  5462 | D:5      | Found a sparkling altar of Nemelex Xobeh.
  5619 | D:5      | Found a glowing silver altar of Zin.
  5622 | D:5      | Noticed an angel
  5625 | D:5      | Found a shimmering altar of Xom.
  6154 | D:5      | Reached XP level 8. HP: 50/50 MP: 10/20
  6218 | D:5      | Found a bloodstained altar of Trog.
  6506 | D:5      | Reached skill level 7 in Spellcasting
  6843 | D:5      | Noticed Ijyb
  6848 | D:5      | Killed Ijyb
  7572 | D:6      | Reached skill level 8 in Spellcasting
  7614 | D:6      | Found Xipe's Distillery.
  7622 | D:6      | Bought a potion of ambrosia for 112 gold pieces
  7622 | D:6      | Bought a potion of heal wounds for 70 gold pieces
  7928 | D:6      | Reached XP level 9. HP: 57/57 MP: 17/23
  8389 | D:6      | Found a shimmering blue altar of Sif Muna.
  8723 | D:7      | Found a broken altar of Ashenzari.
  8868 | D:7      | Found a staircase to the Ecumenical Temple.
  8918 | Temple   | Entered the Ecumenical Temple
  9107 | D:7      | Learned a level 5 spell: Lee's Rapid Deconstruction
  9112 | D:7      | Learned a level 4 spell: Petrify
  9115 | D:7      | Learned a level 2 spell: Blink
  9297 | D:7      | Reached skill level 9 in Spellcasting
  9616 | D:7      | Noticed Joseph
  9641 | D:7      | Killed Joseph
 10087 | D:8      | Noticed a two-headed ogre
 10091 | D:8      | Killed a two-headed ogre
 10092 | D:8      | Reached XP level 10. HP: 65/65 MP: 22/25
 10340 | D:8      | Reached skill level 10 in Spellcasting
 10385 | D:8      | Noticed a boulder beetle
 10406 | D:8      | Killed a boulder beetle
 10856 | D:8      | Found Waffeubb's General Store.
 11001 | D:8      | Found a hide-covered altar of Uskayaw.
 11404 | D:9      | Noticed Erica
 11418 | D:9      | Slain by Erica

Illustrated notes

Levels and vault maps discovered:
D:1:      onia_arrival_pyramid, layout_loops_ring, minmay_hexomino_r4
D:2:      layout_loops_cross, hellmonk_ecumenical_altar_lost_god,
          minmay_misc_feat_room, minmay_misc_feat_tiny
D:3:      layout_loops_ring, nicolae_overflow_hidden_temple, tso_altar,
          portal_sewer_entry_e
D:4:      layout_basic, kennysheep_mini_moat, minmay_bisected
D:5:      layout_layer_cave, grunt_temple_overflow_order_and_chaos_1,
          overflow_temple_1_default, trog_three_pillars_becter, uniq_ijyb
D:6:      layout_basic, led_sif_pool, serial_shops, shop,
          chequers_serial_rivers_micro_b
D:7:      layout_gridville, evilmike_ruin_ashenzari,
          minmay_temple_entry_stoned_glass, grunt_decor_arrowhead, uniq_joseph
D:8:      layout_basic, nicolae_uskayaw_dance_hall, serial_shops, shop
D:9:      wad_pebble_path, layout_layer_cave, uniq_harold, uniq_maurice,
          uniq_erica
Temple:   compressed_dpeg_triangle_lava_temple

Skill      XL: |  1  2  3  4  5  6  7  8  9 10 |
---------------+-------------------------------+-----
Fighting       | 1 2 3 4 5 7 8 9 |  9.1
Spellcasting   | 4 5 6 8 9 10 | 10.3
Earth Magic    | 4 5 6 7 8 9 |  9.0
Dodging        | |  2.4
Stealth        | |  2.4
Transmutations | |  1.1

Action                   |  1- 3 |  4- 6 |  7- 9 | 10-12 || total
-------------------------+-------+-------+-------+-------++-------
Melee: Unarmed           |    16 |     2 |       |       ||    18
       Short sword       |       |    88 |    85 |       ||   173
       Trident           |       |       |     5 |     1 ||     6
 Cast: Sandblast         |    50 |    40 |     5 |     7 ||   102
       Stone Arrow       |       |    17 |   108 |    13 ||   138
       Lee's Rapid Decon |       |       |     7 |     5 ||    12
       Petrify           |       |       |       |     4 ||     4
       Blink             |       |       |       |     3 ||     3
Evoke: Wand              |       |       |    12 |    12 ||    24
  Use: Potion            |       |       |       |     3 ||     3
 Stab: Sleeping          |     2 |     7 |       |       ||     9
Armor: Robe              |     4 |    13 |    16 |       ||    33
Dodge: Dodged            |    27 |    64 |   111 |    11 ||   213

Table legend: (Time is in decaauts)
 A = Elapsed time spent in this place.
 B = Non-inter-level travel time spent in this place.
 C = Inter-level travel time spent in this place.
 D = Time resting spent in this place.
 E = Time spent auto-exploring this place.
 F = Levels seen in this place.
 G = Mean time per level.
                   A        B        C        D        E       F      G
               +--------+--------+--------+--------+--------+-----+--------+
         Total |  11393 |  11007 |    386 |   1412 |   8409 |  11 | 1035.7 |
       Dungeon |  10801 |  10422 |    379 |   1293 |   7988 |   9 | 1200.1 |
        Temple |    170 |    164 |      6 |      0 |    163 |   1 |  170.0 |
         Sewer |    421 |    421 |      0 |    119 |    258 |   1 |  421.0 |
               +--------+--------+--------+--------+--------+-----+--------+

Top non-repeatable levels by time:
     D:5: 1951 daAuts
     D:4: 1507 daAuts
     D:3: 1400 daAuts
     D:8: 1314 daAuts
     D:6: 1250 daAuts
     D:7: 1244 daAuts
     D:1: 1056 daAuts
     D:2: 1051 daAuts
   Sewer: 421 daAuts
  Temple: 170 daAuts
     D:9: 25 daAuts
